 Dungeon Crawl Stone Soup version 0.31.0-9-g3a7656b989 (webtiles) character file.

Game seed: 1655925607894160579

8489 Shredu92 the Mimic (level 11, -10/89 HPs)
             Began as a Green Draconian Shapeshifter on Feb 2, 2024.
             Was a Priest of Wu Jian.
             Incinerated by a deep elf pyromancer (12 damage)
             ... with a pyre arrow
             ... on level 10 of the Dungeon.
             The game lasted 00:36:20 (10223 turns).

Shredu92 the Mimic (Green Draconian Shapeshifter)  Turns: 10223, Time: 00:36:20

Health: -10/89     AC: 11    Str: 14 (16) XL:     11   Next: 10%
Magic:  11/11      EV: 18    Int: 10 (11) God:    Wu Jian [***...]
Gold:   567        SH:  0    Dex: 12 (15) Spells: 10/10 levels left

rFire   . .          .
                       - Unarmed
rCold   . . .        E - melded +0 buckler
rNeg    + . .        (body armour unavailable)
rPois   +            (helmet restricted)
rElec   .            s - +0 cloak
rCorr   .            (no gloves)
SInv    .            p - +2 pair of boots
Will    +....        A - amulet of faith
Stlth   +            l - ring of positive energy
HPRegen 0.34/turn    J - ring of willpower
MPRegen 0.12/turn

%: faith
@: on fire, flux-form, glowing, invisible (but backlit and visible)
A: glow, contaminating, breathe noxious fumes, AC +7, unfitting armour, poison
resistance, cold-blooded, screaming 1
a: Breathe Noxious Fumes, Begin Untransformation, Renounce Religion, Wall Jump,
Serpent's Lash


You were on level 10 of the Dungeon.
You worshipped Wu Jian.
Wu Jian was most pleased with you.
You were something dangerously unstable.
You visited 2 branches of the dungeon, and saw 11 of its levels.

You collected 567 gold pieces.

Inventory:

Hand Weapons
 C - a +4 dagger of venom
Missiles
 j - 15 poisoned darts (quivered)
 n - 15 boomerangs
 o - 2 throwing nets
Armour
 k - an orb of mayhem
 p - a +2 pair of boots (worn)
 s - a +0 cloak (worn)
 E - a +0 buckler (melded)
Magical Staves
 i - a staff of alchemy
Jewellery
 l - a ring of positive energy (left hand)
 w - a +6 ring of intelligence
 A - an amulet of faith (around neck)
 F - a ring of wizardry
 J - a ring of willpower (right hand)
Talismans
 b - a beast talisman
 c - a flux talisman (active)
Wands
 v - a wand of paralysis (14)
 z - a wand of mindburst (38)
 L - a wand of quicksilver (7)
Scrolls
 e - a scroll of enchant armour {unknown}
 f - a scroll of acquirement {unknown}
 q - 2 scrolls of immolation
 r - 2 scrolls of teleportation
 y - 3 scrolls of enchant weapon
 B - a scroll of noise {unknown}
 D - 2 scrolls of amnesia {unknown}
 H - a scroll of silence {unknown}
 K - a scroll of fear {unknown}
 M - a scroll of fog {unknown}
Potions
 a - a potion of resistance
 d - 2 potions of haste
 g - 2 potions of ambrosia
 h - 3 potions of curing
 m - a potion of brilliance
 u - 2 potions of enlightenment
 G - a potion of heal wounds {unknown}
 I - a potion of lignification


   Skills:
 + Level 6.2 Fighting
 + Level 5.8 Dodging
 - Level 5.0 Shields
 * Level 10.0 Unarmed Combat
 * Level 10.3 Shapeshifting


You had 10 spell levels left.
You didn't know any spells.
Your spell library contained the following spells:

 Spells                   Type           Power      Damage    Failure   Level
 Inner Flame              Hex/Fire       0%         N/A       75%         3
 Mephitic Cloud           Conj/Alch/Air  0%         N/A       75%         3
 Summon Forest            Summ/Tloc      0%         N/A       100%        5
 Summon Mana Viper        Hex/Summ       0%         N/A       100%        5
 Plasma Beam              Fire/Air       0%         2x1d10    100%        6
 Summon Cactus Giant      Summ           0%         N/A       100%        6
 Ignition                 Fire           0%         3d3       100%        8


Dungeon Overview and Level Annotations

Branches:
Dungeon (10/15)            Temple (1/1) D:6            Lair (0/5) D:8
    Orc (0/2) D:10

Altars:
Ashenzari
Cheibriados
Dithmenos
Elyvilon
Fedhas
Gozag
Hepliaklqana
Kikubaaqudgha
Makhleb
Nemelex Xobeh
Okawaru
Qazlal
Ru
Sif Muna
Trog
Uskayaw
Vehumet
Wu Jian
Xom
Yredelemnul
Zin
The Shining One

Shops:
D:4 (   D:5 [

Annotations:
D:5 2 transporters, elbjorno's ghost, novice DEAl
D:9 exclusion: 2 oklob saplings


Innate Abilities, Weirdness & Mutations

You are something dangerously unstable.
You glow with magical radiation, making you easy to see and hit.
Foes you strike become dangerously contaminated with magical radiation.
You are incapable of wielding weapons or throwing items.
You can breathe blasts of noxious fumes.
Your lurid green scales are hard. (AC +7)
You cannot fit into any form of body armour.
Your system is resistant to poisons. (rPois)
You are cold-blooded and may be slowed by cold attacks.
You occasionally shout uncontrollably at your foes.


Message History

Unknown command.
You miss the ufetubus. You tail-slap the ufetubus.
The ufetubus is moderately wounded.
The liquid fire burns you!
The kobold demonologist stops glowing.
You barely miss the shadow imp. The liquid fire burns you!
The neqoxec completely misses you.
You hit the shadow imp.
The shadow imp begins to glow.
The shadow imp is heavily wounded.
The liquid fire burns you!
* * * LOW HITPOINT WARNING * * *
The kobold demonologist looks encouraged for a moment.
The neqoxec hits you!
* * * LOW HITPOINT WARNING * * *
The shadow imp misses you.
Unknown command.
Okay, then.
You feel better. The liquid fire burns you!
* * * LOW HITPOINT WARNING * * *
The neqoxec hits you.
* * * LOW HITPOINT WARNING * * *
The shadow imp closely misses you.
Unknown command.
It was a potion of degeneration.
There was something very wrong with that liquid.
You feel weakened.
You feel dopey.
You feel clumsy. The liquid fire burns you!
* * * LOW HITPOINT WARNING * * *
The kobold demonologist gestures wildly while chanting.
The neqoxec misses you.
The shadow imp hits you but does no damage.
Unknown command.
It was a potion of invisibility.
You become transparent, but the glow from your liquid flames and form prevents you from becoming completely invisible.
The liquid fire burns you!
You die...

.###.........
.##........... #....#
'##).)........##....#
....................#
...#................#
....................#
'##)................#
.##.................#
.###)######### #3p.?#
..##...........##5###
#
..##....######...5K.#
... .###....#
#...3..#####'##
.##.....#
#>.###.........
##....>.# #..#
#......... #.......+
#..# #.........
#.......# #..#
#......... ........#
#..# #........#


You could see a kobold demonologist (misshapen), a sixfirhy (summoned), a
neqoxec (summoned), a shadow imp (summoned, contam) and an ufetubus (summoned).

Vanquished Creatures
  2 two-headed ogres (D:9)
  A deep elf pyromancer (D:10)
  Joseph (D:7)
  A troll (D:10)
  Grinder (D:5)
  A hornet (D:8)
  Sigmund (D:6)
  2 wraiths
  A spriggan (D:8)
  5 wyverns
  5 yaks (D:8)
  Menkaure (D:5)
  3 water moccasins
  3 orc warriors
  3 black bears (D:8)
  5 ice beasts
  A wolf (D:7)
  An ogre (D:3)
  4 centaurs
  2 kobold brigands
  3 bullfrogs
  3 scorpions (D:6)
  5 killer bees
  An electric eel (D:10)
  3 howler monkeys
  5 bombardier beetles
  2 orc priests
  5 hounds
  4 jellies
  A sleepcap (D:6)
  Jessica (D:2)
  Ijyb (D:5)
  Natasha (thrice) (D:2)
  3 iguanas
  8 orc wizards
  3 gnolls (D:4)
  8 adders
  2 shadow imps (D:8)
  A ribbon worm (D:4)
  2 dart slugs
  23 orcs
  16 ball pythons
  8 endoplasms
  3 giant cockroaches
  6 goblins
  8 hobgoblins
  3 jackals (D:4)
  A quokka (D:3)
  7 bats
  6 frilled lizards
  15 kobolds
  5 rats
209 creatures vanquished.

Vanquished Creatures (collateral kills)
  A gnoll bouda (D:4)
  A gnoll (D:4)
  A jackal (D:4)
3 creatures vanquished.

Vanquished Creatures (others)
  5 orcs
5 creatures vanquished.

Grand Total: 217 creatures vanquished

Notes
Turn   | Place    | Note
-------+----------+-------------------------------------------
     0 | D:1      | Shredu92 the Draconian Shapeshifter began the quest for the
                  | Orb.
     0 | D:1      | Reached XP level 1. HP: 16/16 MP: 1/1
   266 | D:1      | Reached XP level 2. HP: 23/23 MP: 2/2
   415 | D:1      | Found a faded altar of an unknown god.
   667 | D:1      | Reached XP level 3. HP: 21/28 MP: 3/3
  1215 | D:2      | Got the Spellbook of the Sweltering Cumulonimbus
  1284 | D:2      | Noticed Jessica
  1291 | D:2      | Killed Jessica
  1292 | D:2      | Reached XP level 4. HP: 35/35 MP: 4/4
  1376 | D:2      | Noticed Natasha
  1391 | D:2      | Killed Natasha
  1463 | D:2      | Noticed Natasha
  1469 | D:2      | Killed Natasha
  1470 | D:2      | Reached XP level 5. HP: 31/40 MP: 5/5
  1504 | D:2      | Noticed Natasha
  1510 | D:2      | Killed Natasha
  2256 | D:3      | Noticed an ogre
  2267 | D:3      | Killed an ogre
  2268 | D:3      | Reached skill level 5 in Shapeshifting
  2268 | D:3      | Reached XP level 6. HP: 27/47 MP: 6/6
  2795 | D:3      | Found a shimmering blue altar of Sif Muna.
  2989 | D:4      | Identified the +5 plate armour of Experimentation {rPois
                  | Will+++ Str-3 SInv}
  3050 | D:4      | Found Fuul's Antique Weapon Boutique.
  3170 | D:4      | Found a white marble altar of Elyvilon.
  3189 | D:4      | HP: 2/47 [gnoll/+0 halberd[a gnoll bouda] (12)]
  3566 | D:4      | Found a sacrificial altar of Ru.
  3607 | D:4      | Found a glowing silver altar of Zin.
  3904 | D:5      | Entered Level 5 of the Dungeon
  4013 | D:5      | Noticed an ice beast
  4035 | D:5      | Killed an ice beast
  4036 | D:5      | Your scales start taking on a lurid green colour.
  4036 | D:5      | Reached XP level 7. HP: 7/52 MP: 7/7
  4036 | D:5      | Gained mutation: Your system is resistant to poisons.
                  | (rPois) [Green Draconian growth]
  4214 | D:5      | Noticed Grinder
  4272 | D:5      | Noticed Menkaure
  4297 | D:5      | Found a blossoming altar of Fedhas.
  4440 | D:5      | Killed Menkaure
  4441 | D:5      | Reached skill level 5 in Unarmed Combat
  4555 | D:5      | Found a transporter.
  4559 | D:5      | Noticed elbjorno's ghost (novice DEAl)
  4571 | D:5      | Found a transporter.
  4704 | D:5      | Found Harour's Antique Armour Emporium.
  4770 | D:5      | Killed Grinder
  4971 | D:5      | Identified the +2 robe of the Crypt {rF++ rC++ Str-2}
  5008 | D:5      | Reached XP level 8. HP: 52/59 MP: 8/8
  5261 | D:5      | Noticed Ijyb
  5269 | D:5      | Killed Ijyb
  5572 | D:6      | Found an iron altar of Okawaru.
  5758 | D:6      | Noticed Sigmund
  5767 | D:6      | Killed Sigmund
  5830 | D:6      | Found an ancient bone altar of Kikubaaqudgha.
  5895 | D:6      | Reached skill level 1 in Shields
  6046 | D:6      | Found a staircase to the Ecumenical Temple.
  6052 | Temple   | Entered the Ecumenical Temple
  6148 | Temple   | Became a worshipper of the Wu Jian Council
  6278 | D:7      | Found a hide-covered altar of Uskayaw.
  6388 | D:7      | Reached XP level 9. HP: 69/69 MP: 9/9
  6458 | D:7      | Noticed Joseph
  6490 | D:7      | Killed Joseph
  6885 | D:7      | Found a radiant altar of Vehumet.
  6891 | D:7      | Found a glowing golden altar of the Shining One.
  7264 | D:8      | Found a hazy altar of Hepliaklqana.
  7265 | D:8      | Found a faded altar of an unknown god.
  7294 | D:8      | Reached * piety under Wu Jian
  7573 | D:8      | Reached skill level 5 in Shields
  7573 | D:8      | Reached XP level 10. HP: 78/80 MP: 10/10
  7627 | D:8      | Found a staircase to the Lair.
  7797 | D:8      | Reached skill level 5 in Fighting
  7806 | D:8      | Reached skill level 5 in Dodging
  7834 | D:8      | Reached ** piety under Wu Jian
  7979 | D:8      | Found a shimmering altar of Xom.
  8319 | D:9      | Noticed a two-headed ogre
  8327 | D:9      | Killed a two-headed ogre
  8643 | D:9      | Noticed a two-headed ogre
  8656 | D:9      | Killed a two-headed ogre
  8889 | D:9      | Reached skill level 10 in Shapeshifting
  9347 | D:9      | Reached *** piety under Wu Jian
  9656 | D:10     | Entered Level 10 of the Dungeon
  9759 | D:10     | Found a basalt altar of Yredelemnul.
  9767 | D:10     | Reached XP level 11. HP: 81/89 MP: 11/11
  9977 | D:10     | Found a staircase to the Orcish Mines.
 10192 | D:10     | Noticed a deep elf pyromancer
 10217 | D:10     | Killed a deep elf pyromancer
 10217 | D:10     | Gained mutation: You occasionally shout uncontrollably at
                  | your foes. [a neqoxec]
 10218 | D:10     | Reached skill level 10 in Unarmed Combat
 10222 | D:10     | HP: 1/89 [burnt (10)]
 10223 | D:10     | Noticed a sixfirhy
 10223 | D:10     | Incinerated by a deep elf pyromancer

Illustrated notes

Levels and vault maps discovered:
D:1:      dpeg_arrival_brainrot, layout_basic, serial_forest,
          infiniplex_forest_clump_diagonal, infiniplex_forest_zigzag_1,
          infiniplex_forest_clump_double, infiniplex_forest_straight_1,
          infiniplex_forest_corner_1, ebering_ecumenical_altar_sacrificial
D:2:      layout_rooms, kennysheep_boxes, uniq_jessica, uniq_natasha
D:3:      layout_loops_ring, led_sif_book
D:4:      layout_rooms, elyvilon_altar_1, hangedman_ru_absence, zin_treasury,
          serial_shops, shop, minmay_misc_feat_room
D:5:      layout_gridville, lemuel_tele_altar, serial_shops,
          nicolae_diamond_shop, gammafunk_ghost_arena, uniq_ijyb, uniq_grinder,
          uniq_menkaure
D:6:      layout_cave_pools, okawaru_ov_weapons_minmay, kiku_gazebo_pond_becter,
          minmay_temple_entry_waves, uniq_sigmund
D:7:      layout_basic, mainiacjoe_overflow_cross_hatched,
          mainiacjoe_overflow_big_doors, uniq_joseph
D:8:      layout_rooms, beargit_hepliaklqana_dungeon_heroes,
          xom_confusion_cloud, minmay_lair_entry_grove,
          serial_library_hellmonk_hallway_b
D:9:      layout_roguey, introduction_to_nature_2
D:10:     layout_stronghold, mainiacjoe_overflow_paths, orc_0_dummy,
          serial_library, serial_library_hellmonk_metal_room,
          serial_library_hellmonk_big_corner, serial_library_hellmonk_octagon,
          serial_library_regret_index_headful, serial_library_hellmonk_junction,
          serial_library_regret_index_multi,
          serial_library_hellmonk_angled_corner, serial_library_hellmonk_room_c,
          serial_library_regret_index_small_wings, fungi_pond_lemuel,
          uniq_maurice, uniq_erica
Temple:   compressed_dpeg_triangle_lava_temple

Skill      XL: |  1  2  3  4  5  6  7  8  9 10 11 |
---------------+----------------------------------+-----
Shapeshifting  | 4 5 6 7 8 10 | 10.3
Dodging        | 2 3 4 5 |  5.8
Unarmed Combat | 4 5 6 8 9 10 | 10.0
Fighting       | 3 4 6 |  6.2
Shields        | 2 5 |  5.0

Action                     |  1- 3 |  4- 6 |  7- 9 | 10-12 || total
---------------------------+-------+-------+-------+-------++-------
  Melee: Unarmed           |   117 |   142 |   323 |   242 ||   824
         Tailslap          |     9 |    10 |    57 |    41 ||   117
Ability: Lunge             |       |       |       |    10 ||    10
         Whirlwind         |       |       |       |     2 ||     2
    Use: Scroll            |       |     3 |     3 |     2 ||     8
         Potion            |       |     2 |     4 |     3 ||     9
   Stab: Sleeping          |       |     1 |       |       ||     1
 Armour: Skin              |    60 |    67 |   148 |    88 ||   363
  Dodge: Dodged            |    64 |    58 |   311 |   156 ||   589
  Block: Buckler           |       |       |       |    11 ||    11
   Form: Beast             |     1 |     2 |     4 |     3 ||    10
                           |     1 |     2 |     2 |     1 ||     6
         Flux              |     1 |       |     5 |     4 ||    10
